WCHLSIM.com - West Coast Hockey League
html PUBLIC "-//W3C//DTD XHTML 1.0 Transitional//EN" "http://www.w3.org/TR/xhtml1/DTD/xhtml1-transitional.dtd"> WCHL - Game 775 - LOS ANGELES SEALS vs CALGARY FIREMEN

LOS ANGELES SEALS vs CALGARY FIREMEN

Created - 6 février 2020 at 17:44

Goals
1 2 3 T
LOS ANGELES SEALS 0 3 0 3
CALGARY FIREMEN 3 1 1 5
Shots
1 2 3 T
LOS ANGELES SEALS 8 11 13 32
CALGARY FIREMEN 10 11 20 41

1st period

1. CALGARY FIREMEN , Filip Forsberg 35 (Ryan Johansen 61) at 0:12
2. CALGARY FIREMEN , Tyler Johnson 4 (Luke Glendening 10, Ian Cole 14) at 11:01
3. CALGARY FIREMEN , Brent Seabrook 3 (Austin Watson 1, Luke Glendening 11) at 15:42

Penalties :
Joe Thornton (LOS) for Roughing (Minor) at 5:32, Roman Polak (LOS) for Holding (Minor) at 8:29, Andy Greene (CGY) for Slashing (Minor) at 12:02

2nd period

4. LOS ANGELES SEALS , Mark Scheifele 34 (Jake DeBrusk 13, Brock Boeser 36) at 5:55
5. CALGARY FIREMEN , Ryan Graves 1 (Viktor Arvidsson 36, Andy Greene 15) at 14:37
6. LOS ANGELES SEALS , Craig Smith 10 (Cody Eakin 12, Dan Hamhuis 2) at 15:17
7. LOS ANGELES SEALS , Mark Scheifele 35 (Jake DeBrusk 14, Brock Boeser 37) at 17:31

Penalties :
Dan Hamhuis (LOS) for Holding (Minor) at 3:30, Brent Seabrook (CGY) for Goalie Interference (Minor) at 12:46, Mark Scheifele (LOS) for Holding (Minor) at 12:46

3rd period

8. CALGARY FIREMEN , Niklas Kronwall 1 (Brent Seabrook 8, Filip Forsberg 42) at 12:57 (PP)

Penalties :
Mark Scheifele (LOS) for Tripping (Minor) at 0:41, Cody Eakin (LOS) for Slashing (Minor) at 11:35, Oskar Lindblom (CGY) for Holding (Minor) at 15:12

Goalie Stats

Roberto Luongo (LOS), 23 saves from 24 shots - (0,958), 25:23 minutes
Robin Lehner (LOS), 13 saves from 17 shots - (0,765), L, 15-22-3, 34:37 minutes
Devan Dubnyk (CGY), 29 saves from 32 shots - (0,906), W, 29-15-3, 60:00 minutes

Players Stats for LOS ANGELES SEALS

Player Name              G  A  P  +/- PIM S  H  SB GA TA FO     MP     PP MP  PK MP  
------------------------------------------------------------------------------------
Adam Lowry               0  0  0  -2  0   5  0  1  0  0  7/14   10:49   0:00   3:59 
Alex Goligoski           0  0  0  -3  0   0  2  3  0  0  0/0    24:40   2:36   2:00 
Andreas Johnsson         0  0  0   0  0   1  2  0  0  0  0/1    16:31   2:06   0:59 
Brandon Carlo            0  0  0   0  0   1  0  1  0  0  0/0    20:56   1:22   4:20 
Brock Boeser             0  2  2   0  0   2  1  0  0  0  0/1    20:19   1:52   0:00 
Cody Eakin               0  1  1   1  2   0  0  1  0  0  7/16   13:15   0:00   4:25 
Colin White              0  0  0  -1  0   0  0  0  0  0  0/2     9:56   0:00   3:59 
Craig Smith              1  0  1   1  0   2  1  0  0  0  0/0     8:51   0:00   0:00 
Dan Hamhuis              0  1  1   2  2   0  0  2  0  0  0/0    15:51   0:00   4:26 
Esa Lindell              0  0  0  -2  0   0  1  2  0  0  0/0    25:53   2:36   3:46 
Jake DeBrusk             0  2  2   0  0   4  0  0  0  0  1/2    18:56   1:52   0:00 
Joe Thornton             0  0  0   0  2   1  0  0  0  0  15/24  15:31   2:06   0:00 
Justin Williams          0  0  0   0  0   5  0  0  0  0  1/1    15:32   2:06   0:00 
Mark Scheifele           2  0  2   0  4   6  1  0  0  0  14/28  18:54   1:52   0:00 
Mathieu Perreault        0  0  0  -1  0   3  0  1  0  0  2/2    10:38   0:00   5:14 
Patrick Marleau          0  0  0   0  0   1  1  0  0  0  0/0     9:27   0:00   0:00 
Roman Polak              0  0  0  -1  2   0  1  1  0  0  0/0    19:47   0:00   4:01 
Shayne Gostisbehere      0  0  0   2  0   1  0  0  0  0  0/0    12:51   1:22   0:03 

Players Stats for CALGARY FIREMEN

Player Name              G  A  P  +/- PIM S  H  SB GA TA FO     MP     PP MP  PK MP  
------------------------------------------------------------------------------------
Adam Henrique            0  0  0   0  0   2  0  0  0  0  12/24  19:07   4:24   0:00 
Andy Greene              0  1  1   2  2   0  0  0  0  0  0/0    19:29   0:00   1:08 
Austin Watson            0  1  1   0  0   3  1  0  0  0  1/1    11:41   0:00   1:30 
Brent Seabrook           1  1  2   1  2   1  0  2  0  0  0/0    19:56   4:55   2:26 
Brett Howden             0  0  0   0  0   0  0  0  0  0  3/10    5:38   0:00   1:30 
Colton Sceviour          0  0  0   0  0   0  0  0  0  0  0/1     6:36   0:00   2:28 
Filip Forsberg           1  1  2   1  0   4  0  0  0  0  0/3    21:13   4:54   0:00 
Ian Cole                 0  1  1   1  0   2  0  1  0  0  0/0    20:17   0:00   1:32 
Luke Glendening          0  2  2   0  0   2  0  0  0  0  11/15  12:39   0:00   2:28 
Marcus Sorensen          0  0  0   0  0   0  0  0  0  0  0/0     4:08   0:00   0:00 
Niklas Kronwall          1  0  1   1  0   2  0  0  0  0  0/0    19:59   4:55   1:09 
Noah Hanifin             0  0  0  -2  0   1  1  1  0  0  0/0    18:58   4:23   0:00 
Oskar Lindblom           0  0  0  -1  2   3  1  0  0  0  1/3    18:30   4:24   0:00 
Ryan Graves              1  0  1  -1  0   1  0  3  0  0  0/0    21:19   4:23   1:41 
Ryan Johansen            0  1  1   1  0   6  1  0  0  0  16/31  22:36   4:54   0:00 
Tomas Tatar              0  0  0  -1  0   3  2  0  0  0  0/2    19:54   4:24   0:00 
Tyler Johnson            1  0  1   0  0   4  0  0  0  0  0/1    10:11   0:00   0:00 
Viktor Arvidsson         0  1  1   2  0   7  0  0  0  0  0/0    21:49   4:54   0:00 

3 Stars

1 - Filip Forsberg (CGY)
2 - Brent Seabrook (CGY)
3 - Niklas Kronwall (CGY)

Power Play

LOS ANGELES SEALS - 0 on 2 Attempt(s) - 0,00%
CALGARY FIREMEN - 1 on 5 Attempt(s) - 20,00%

Penalty Kill

LOS ANGELES SEALS - 4 on 5 Attempt(s) - 80,00% - Score 0 goal in Penalty Kill
CALGARY FIREMEN - 2 on 2 Attempt(s) - 100,00% - Score 0 goal in Penalty Kill

Team Stat

LOS ANGELES SEALS - Hits : 10 - Faceoff Wins : 47 - Blocked Shots : 12 - Penalty Minutes : 12
CALGARY FIREMEN - Hits : 6 - Faceoff Wins : 44 - Blocked Shots : 7 - Penalty Minutes : 6

Official

Referees : Jarrod Ragusin and Ghislain Hebert
Linesman : Brendan Blanchard and Mike Harrington

Game Notes

Roberto Luongo enters game at 14:37 of 2nd period

Finance

Level 1 -- Attendance: 6000 (100,00%) -- Ticket Income 750 000 $
Level 2 -- Attendance: 5000 (100,00%) -- Ticket Income 425 000 $
Level 3 -- Attendance: 2968 (98,93%) -- Ticket Income 148 400 $
Level 4 -- Attendance: 4151 (83,02%) -- Ticket Income 178 493 $
Luxury Box -- Attendance: 948 (94,80%) -- Ticket Income 246 480 $
Game was played at the Larouche Stadium.
Total Attendance: 19067 (95,34%)
Total Ticket Income: 1 748 373 $
Other Income: 524 512 $
Total Income: 2 272 885 $

LOS ANGELES SEALS

5 vs 5 Forward 
   Center                   Left Wing                Right Wing               Time % Phy DF OF 
 1 Mark Scheifele           Jake DeBrusk             Brock Boeser             36     1   2  2  
 2 Joe Thornton             Andreas Johnsson         Justin Williams          29     1   2  2  
 3 Cody Eakin               Patrick Marleau          Craig Smith              21     2   2  1  
 4 Adam Lowry               Mathieu Perreault        Colin White              14     1   2  2  

5 vs 5 Defense 
   Defense                  Defense                                           Time % Phy DF OF 
 1 Esa Lindell              Alex Goligoski                                    36     1   3  1  
 2 Roman Polak              Brandon Carlo                                     31     1   3  1  
 3 Shayne Gostisbehere      Dan Hamhuis                                       23     1   2  2  
 4 Alex Goligoski           Esa Lindell                                       10     1   3  1  

PowerPlay Forward 
   Center                   Left Wing                Right Wing               Time % Phy DF OF 
 1 Mark Scheifele           Jake DeBrusk             Brock Boeser             55     1   2  2  
 2 Joe Thornton             Andreas Johnsson         Justin Williams          45     1   2  2  

PowerPlay Defense
   Defense                  Defense                                           Time % Phy DF OF 
 1 Esa Lindell              Alex Goligoski                                    55     1   2  2  
 2 Shayne Gostisbehere      Brandon Carlo                                     45     1   2  2  

Penalty Kill 4 Players Forward 
   Center                   Wing                     Time % Phy DF OF 
 1 Cody Eakin               Mathieu Perreault        55     1   2  2  
 2 Adam Lowry               Colin White              45     1   2  2  

Penalty Kill 4 Players Defense
   Defense                  Defense                  Time % Phy DF OF 
 1 Esa Lindell              Brandon Carlo            55     1   2  2  
 2 Roman Polak              Dan Hamhuis              45     1   2  2  

Penalty Kill - 3 Players Forward 
   Forward                                           Time % Phy DF OF 
 1 Cody Eakin                                        55     1   2  2  
 2 Adam Lowry                                        45     1   2  2  

Penalty Kill - 3 Players Defense
   Defense                  Defense                  Time % Phy DF OF 
 1 Esa Lindell              Alex Goligoski           55     1   2  2  
 2 Roman Polak              Brandon Carlo            45     1   2  2  

4 vs 4 Forward 
   Center                   Wing                     Time % Phy DF OF 
 1 Mark Scheifele           Brock Boeser             55     1   2  2  
 2 Joe Thornton             Brock Boeser             45     1   2  2  

4 vs 4 Defense
   Defense                  Defense                  Time % Phy DF OF 
 1 Alex Goligoski           Esa Lindell              55     1   2  2  
 2 Roman Polak              Brandon Carlo            45     1   2  2  

Last Minutes Offensive
   Center                   Left Wing                Right Wing               Defense                  Defense                  
   Mark Scheifele           Patrick Marleau          Justin Williams          Esa Lindell              Alex Goligoski           

Last Minutes Defensive
   Center                   Left Wing                Right Wing               Defense                  Defense                  
   Joe Thornton             Patrick Marleau          Justin Williams          Esa Lindell              Alex Goligoski           

Goaltenders
Starting : Robin Lehner             
Backup : Roberto Luongo           

Extra Forwards
Normal : Mark Scheifele, Justin Williams, Andreas Johnsson - PP : Colin White, Mark Scheifele - PK : Andreas Johnsson
Extra Defensemen
Normal : Esa Lindell, Alex Goligoski, Brandon Carlo - PP : Shayne Gostisbehere - PK : Dan Hamhuis, Roman Polak
Penalty Shots
Jake DeBrusk, Mark Scheifele, Justin Williams, Brock Boeser, Patrick Marleau
Custom OT Lines Forwards
Joe Thornton, Mark Scheifele, Justin Williams, Brock Boeser, Patrick Marleau, Jake DeBrusk, Andreas Johnsson, Adam Lowry, Colin White, Mathieu Perreault
Custom OT Lines Defensemen
Jake DeBrusk, Alex Goligoski, Roman Polak, Brandon Carlo, Shayne Gostisbehere

Scratches
Ben Thomson (Healthy), John Stevens (Healthy), Juho Lammikko (Healthy), Kevin Rooney (Healthy), Nate Prosser (Healthy)
Scott Darling (Healthy)

CALGARY FIREMEN

5 vs 5 Forward 
   Center                   Left Wing                Right Wing               Time % Phy DF OF 
 1 Ryan Johansen            Filip Forsberg           Viktor Arvidsson         34     0   1  4  
 2 Adam Henrique            Oskar Lindblom           Tomas Tatar              31     1   1  3  
 3 Luke Glendening          Austin Watson            Tyler Johnson            25     1   2  2  
 4 Brett Howden             Marcus Sorensen          Colton Sceviour          10     1   3  1  

5 vs 5 Defense 
   Defense                  Defense                                           Time % Phy DF OF 
 1 Andy Greene              Ian Cole                                          34     1   2  2  
 2 Ryan Graves              Noah Hanifin                                      31     0   2  3  
 3 Brent Seabrook           Niklas Kronwall                                   25     1   2  2  
 4 Andy Greene              Ian Cole                                          10     1   3  1  

PowerPlay Forward 
   Center                   Left Wing                Right Wing               Time % Phy DF OF 
 1 Ryan Johansen            Filip Forsberg           Viktor Arvidsson         50     0   0  5  
 2 Adam Henrique            Oskar Lindblom           Tomas Tatar              50     0   0  5  

PowerPlay Defense
   Defense                  Defense                                           Time % Phy DF OF 
 1 Noah Hanifin             Ryan Graves                                       50     0   0  5  
 2 Brent Seabrook           Niklas Kronwall                                   50     0   0  5  

Penalty Kill 4 Players Forward 
   Center                   Wing                     Time % Phy DF OF 
 1 Luke Glendening          Colton Sceviour          50     1   3  1  
 2 Brett Howden             Austin Watson            50     1   3  1  

Penalty Kill 4 Players Defense
   Defense                  Defense                  Time % Phy DF OF 
 1 Andy Greene              Brent Seabrook           50     1   4  0  
 2 Ian Cole                 Niklas Kronwall          50     1   4  0  

Penalty Kill - 3 Players Forward 
   Forward                                           Time % Phy DF OF 
 1 Luke Glendening                                   50     0   5  0  
 2 Colton Sceviour                                   50     0   5  0  

Penalty Kill - 3 Players Defense
   Defense                  Defense                  Time % Phy DF OF 
 1 Andy Greene              Ryan Graves              50     0   5  0  
 2 Ian Cole                 Niklas Kronwall          50     0   5  0  

4 vs 4 Forward 
   Center                   Wing                     Time % Phy DF OF 
 1 Ryan Johansen            Tomas Tatar              55     1   2  2  
 2 Adam Henrique            Viktor Arvidsson         45     1   2  2  

4 vs 4 Defense
   Defense                  Defense                  Time % Phy DF OF 
 1 Andy Greene              Brent Seabrook           55     1   2  2  
 2 Ian Cole                 Niklas Kronwall          45     1   2  2  

Last Minutes Offensive
   Center                   Left Wing                Right Wing               Defense                  Defense                  
   Ryan Johansen            Filip Forsberg           Viktor Arvidsson         Noah Hanifin             Ryan Graves              

Last Minutes Defensive
   Center                   Left Wing                Right Wing               Defense                  Defense                  
   Ryan Johansen            Filip Forsberg           Viktor Arvidsson         Andy Greene              Ian Cole                 

Goaltenders
Starting : Devan Dubnyk             
Backup : Keith Kinkaid            

Extra Forwards
Normal : Adam Henrique, Filip Forsberg, Viktor Arvidsson - PP : Oskar Lindblom, Filip Forsberg - PK : Oskar Lindblom
Extra Defensemen
Normal : Ryan Graves, Brent Seabrook, Ian Cole - PP : Niklas Kronwall - PK : Ryan Graves, Ian Cole
Penalty Shots
Filip Forsberg, Tomas Tatar, Viktor Arvidsson, Oskar Lindblom, Ryan Johansen
Custom OT Lines Forwards
Ryan Johansen, Filip Forsberg, Viktor Arvidsson, Tyler Johnson, Adam Henrique, Tomas Tatar, Austin Watson, Brett Howden, Oskar Lindblom, Colton Sceviour
Custom OT Lines Defensemen
Andy Greene, Brent Seabrook, Ian Cole, Noah Hanifin, Niklas Kronwall

Scratches
Jeff Kubiak (Healthy), Jonathon Merrill (Healthy), Kyle Bauman (Healthy), Shane Hanna (Healthy)

% Time on Ice - LOS ANGELES SEALS

Lines # - Real PCT - Wanted PCT - Time Play
Normal Forward
1 - 38% - 36% - 17:04
2 - 30% - 29% - 13:26
3 - 20% - 21% - 8:51
4 - 12% - 14% - 5:24
Normal Defense
1 - 37% - 36% - 16:45
2 - 32% - 31% - 14:21
3 - 24% - 23% - 10:53
4 - 6% - 10% - 2:46
PP Forward
1 - 47% - 55% - 1:52
2 - 53% - 45% - 2:06
PP Defense
1 - 66% - 55% - 2:36
2 - 34% - 45% - 1:22
PK Forward
1 - 57% - 55% - 5:19
2 - 43% - 45% - 3:59
PK Defense
1 - 41% - 55% - 3:46
2 - 59% - 45% - 5:32
PK3 Forward
1 - 0% - 55%
2 - 0% - 45%
PK3 Defense
1 - 0% - 55%
2 - 0% - 45%
44 Forward
1 - 100% - 55% - 1:59
2 - 0% - 45% - 0:00
44 Defense
1 - 0% - 55% - 0:00
2 - 100% - 45% - 1:59
Last Minute Offensive  - 0:00
Last Minute Defensive  - 0:00
Total
Forward - 60:00
Defense - 60:00

% Time on Ice - CALGARY FIREMEN

Lines # - Real PCT - Wanted PCT - Time Play
Normal Forward
1 - 36% - 34% - 16:19
2 - 32% - 31% - 14:07
3 - 23% - 25% - 10:11
4 - 9% - 10% - 4:08
Normal Defense
1 - 35% - 34% - 15:27
2 - 33% - 31% - 14:35
3 - 28% - 25% - 12:36
4 - 5% - 10% - 2:07
PP Forward
1 - 53% - 50% - 4:54
2 - 47% - 50% - 4:24
PP Defense
1 - 47% - 50% - 4:23
2 - 53% - 50% - 4:55
PK Forward
1 - 62% - 50% - 2:28
2 - 38% - 50% - 1:30
PK Defense
1 - 61% - 50% - 2:26
2 - 39% - 50% - 1:32
PK3 Forward
1 - 0% - 50%
2 - 0% - 50%
PK3 Defense
1 - 0% - 50%
2 - 0% - 50%
44 Forward
1 - 70% - 55% - 1:23
2 - 30% - 45% - 0:36
44 Defense
1 - 40% - 55% - 0:48
2 - 60% - 45% - 1:11
Last Minute Offensive  - 0:00
Last Minute Defensive  - 0:00
Total
Forward - 60:00
Defense - 60:00

Play-by-Play

1st period


0:01 of 1st period - Ryan Johansen wins face-off versus Mark Scheifele in neutral zone.
0:12 of 1st period - Shot by Filip Forsberg.
0:12 of 1st period - Goal by Filip Forsberg - LOS ANGELES SEALS : 0 - CALGARY FIREMEN : 1.
0:13 of 1st period - Adam Henrique wins face-off versus Joe Thornton in neutral zone.
0:13 of 1st period - Oskar Lindblom is hit by Andreas Johnsson and loses puck.
0:28 of 1st period - Shot by Oskar Lindblom.
0:28 of 1st period - Shot Misses the Net.
1:01 of 1st period - Icing by Andreas Johnsson.
1:02 of 1st period - Luke Glendening wins face-off versus Joe Thornton in LOS ANGELES SEALS zone.
1:59 of 1st period - Shot by Cody Eakin.
1:59 of 1st period - Deflect By Craig Smith.
1:59 of 1st period - Shot Misses the Net.
2:58 of 1st period - Shot by Viktor Arvidsson.
2:58 of 1st period - Shot Misses the Net.
3:00 of 1st period - Shot by Viktor Arvidsson.
3:00 of 1st period - Stopped by Robin Lehner without a rebound.
3:01 of 1st period - Mathieu Perreault wins face-off versus Brett Howden in LOS ANGELES SEALS zone.
3:15 of 1st period - Icing by Noah Hanifin.
3:16 of 1st period - Cody Eakin wins face-off versus Brett Howden in CALGARY FIREMEN zone.
3:19 of 1st period - Shot by Craig Smith.
3:19 of 1st period - Shot Misses the Net.
4:16 of 1st period - Shot by Andy Greene.
4:16 of 1st period - Shot Misses the Net.
4:18 of 1st period - Shot by Ian Cole.
4:18 of 1st period - Shot Misses the Net.
4:30 of 1st period - Icing by Alex Goligoski.
4:31 of 1st period - Adam Lowry wins face-off versus Ryan Johansen in LOS ANGELES SEALS zone.
4:37 of 1st period - Off-side.
4:38 of 1st period - Ryan Johansen wins face-off versus Mark Scheifele in neutral zone.
4:46 of 1st period - Viktor Arvidsson is hit by Roman Polak and loses puck.
4:51 of 1st period - Shot by Ryan Johansen.
4:51 of 1st period - Stopped by Robin Lehner without a rebound.
4:52 of 1st period - Justin Williams wins face-off versus Adam Henrique in LOS ANGELES SEALS zone.
5:32 of 1st period - Minor Penalty to Joe Thornton for Roughing.
5:33 of 1st period - Cody Eakin wins face-off versus Filip Forsberg in LOS ANGELES SEALS zone.
5:37 of 1st period - Off-side.
5:38 of 1st period - Ryan Johansen wins face-off versus Cody Eakin in neutral zone.
7:18 of 1st period - Icing by Tomas Tatar.
7:19 of 1st period - Adam Henrique wins face-off versus Adam Lowry in CALGARY FIREMEN zone.
8:26 of 1st period - Shot by Ryan Johansen.
8:26 of 1st period - Stopped by Robin Lehner without a rebound.
8:27 of 1st period - Ryan Johansen wins face-off versus Joe Thornton in LOS ANGELES SEALS zone.
8:29 of 1st period - Minor Penalty to Roman Polak for Holding.
8:30 of 1st period - Cody Eakin wins face-off versus Tomas Tatar in LOS ANGELES SEALS zone.
9:51 of 1st period - Icing by Ryan Johansen.
9:52 of 1st period - Ryan Johansen wins face-off versus Cody Eakin in CALGARY FIREMEN zone.
11:01 of 1st period - Shot by Tyler Johnson.
11:01 of 1st period - Goal by Tyler Johnson - LOS ANGELES SEALS : 0 - CALGARY FIREMEN : 2.
11:02 of 1st period - Joe Thornton wins face-off versus Adam Henrique in neutral zone.
11:11 of 1st period - Shot by Joe Thornton.
11:11 of 1st period - Shot Misses the Net.
11:45 of 1st period - Shot by Tomas Tatar.
11:45 of 1st period - Shot Misses the Net.
12:02 of 1st period - Minor Penalty to Andy Greene for Slashing.
12:03 of 1st period - Luke Glendening wins face-off versus Mark Scheifele in CALGARY FIREMEN zone.
12:30 of 1st period - Shot by Mark Scheifele.
12:30 of 1st period - Stopped by Devan Dubnyk without a rebound.
12:31 of 1st period - Joe Thornton wins face-off versus Colton Sceviour in CALGARY FIREMEN zone.
12:42 of 1st period - Shot by Justin Williams.
12:42 of 1st period - Stopped by Devan Dubnyk without a rebound.
12:43 of 1st period - Joe Thornton wins face-off versus Brett Howden in CALGARY FIREMEN zone.
12:46 of 1st period - Shot by Andreas Johnsson.
12:46 of 1st period - Stopped by Devan Dubnyk without a rebound.
12:47 of 1st period - Joe Thornton wins face-off versus Brett Howden in CALGARY FIREMEN zone.
13:00 of 1st period - Shot by Joe Thornton.
13:00 of 1st period - Shot Blocked by Brent Seabrook.
13:02 of 1st period - Shot by Brandon Carlo.
13:02 of 1st period - Stopped by Devan Dubnyk without a rebound.
13:03 of 1st period - Mark Scheifele wins face-off versus Luke Glendening in CALGARY FIREMEN zone.
13:42 of 1st period - Shot by Jake DeBrusk.
13:42 of 1st period - Shot Blocked by Ryan Graves.
13:44 of 1st period - Shot by Esa Lindell.
13:44 of 1st period - Shot Misses the Net.
13:46 of 1st period - Shot by Esa Lindell.
13:46 of 1st period - Shot Blocked by Brent Seabrook.
14:36 of 1st period - Shot by Filip Forsberg.
14:36 of 1st period - Shot Misses the Net.
14:42 of 1st period - Shot by Cody Eakin.
14:42 of 1st period - Shot Blocked by Ian Cole.
15:12 of 1st period - Shot by Oskar Lindblom.
15:12 of 1st period - Shot Hit the Post.
15:16 of 1st period - Shot by Oskar Lindblom.
15:16 of 1st period - Stopped by Robin Lehner without a rebound.
15:17 of 1st period - Luke Glendening wins face-off versus Adam Lowry in LOS ANGELES SEALS zone.
15:22 of 1st period - Shot by Luke Glendening.
15:22 of 1st period - Stopped by Robin Lehner with a rebound.
15:24 of 1st period - Shot by Luke Glendening.
15:24 of 1st period - Shot Blocked by Alex Goligoski.
15:26 of 1st period - Shot by Luke Glendening.
15:26 of 1st period - Shot Misses the Net.
15:40 of 1st period - Shot by Austin Watson.
15:40 of 1st period - Stopped by Robin Lehner with a rebound.
15:42 of 1st period - Shot by Brent Seabrook.
15:42 of 1st period - Goal by Brent Seabrook - LOS ANGELES SEALS : 0 - CALGARY FIREMEN : 3.
15:43 of 1st period - Mark Scheifele wins face-off versus Tomas Tatar in neutral zone.
16:01 of 1st period - Shot by Jake DeBrusk.
16:01 of 1st period - Stopped by Devan Dubnyk without a rebound.
16:02 of 1st period - Joe Thornton wins face-off versus Ryan Johansen in CALGARY FIREMEN zone.
16:03 of 1st period - Shot by Justin Williams.
16:03 of 1st period - Shot Misses the Net.
16:22 of 1st period - Alex Goligoski is hit by Ryan Johansen and loses puck.
16:47 of 1st period - Shot by Viktor Arvidsson.
16:47 of 1st period - Deflect By Ryan Johansen.
16:47 of 1st period - Stopped by Robin Lehner without a rebound.
16:48 of 1st period - Jake DeBrusk wins face-off versus Adam Henrique in LOS ANGELES SEALS zone.
17:09 of 1st period - Shot by Mark Scheifele.
17:09 of 1st period - Deflect By Jake DeBrusk.
17:09 of 1st period - Stopped by Devan Dubnyk without a rebound.
17:10 of 1st period - Cody Eakin wins face-off versus Tyler Johnson in CALGARY FIREMEN zone.
17:31 of 1st period - Shot by Luke Glendening.
17:31 of 1st period - Shot Blocked by Dan Hamhuis.
17:33 of 1st period - Shot by Luke Glendening.
17:33 of 1st period - Shot Misses the Net.
17:35 of 1st period - Shot by Niklas Kronwall.
17:35 of 1st period - Shot Misses the Net.
18:30 of 1st period - Icing by Ryan Graves.
18:31 of 1st period - Joe Thornton wins face-off versus Filip Forsberg in CALGARY FIREMEN zone.
19:02 of 1st period - Shot by Justin Williams.
19:02 of 1st period - Stopped by Devan Dubnyk without a rebound.
19:03 of 1st period - Adam Henrique wins face-off versus Jake DeBrusk in CALGARY FIREMEN zone.
19:05 of 1st period - Icing by Tomas Tatar.
19:06 of 1st period - Mark Scheifele wins face-off versus Adam Henrique in CALGARY FIREMEN zone.
19:13 of 1st period - Shot by Jake DeBrusk.
19:13 of 1st period - Stopped by Devan Dubnyk without a rebound.
19:14 of 1st period - Mark Scheifele wins face-off versus Adam Henrique in CALGARY FIREMEN zone.
19:15 of 1st period - Shot by Brock Boeser.
19:15 of 1st period - Shot Misses the Net.
19:51 of 1st period - Shot by Tomas Tatar.
19:51 of 1st period - Shot Misses the Net.
19:57 of 1st period - Shot by Adam Henrique.
19:57 of 1st period - Shot Misses the Net.
19:59 of 1st period - Shot by Tomas Tatar.
19:59 of 1st period - Shot Misses the Net.
Goals for this period are 0 for LOS ANGELES SEALS vs 3 for CALGARY FIREMEN.
Shots for this period are 8 for LOS ANGELES SEALS vs 10 for CALGARY FIREMEN.

2nd period


0:01 of 2nd period - Mark Scheifele wins face-off versus Ryan Johansen in neutral zone.
0:05 of 2nd period - Jake DeBrusk is hit by Noah Hanifin and loses puck.
0:18 of 2nd period - Shot by Viktor Arvidsson.
0:18 of 2nd period - Stopped by Robin Lehner with a rebound.
0:20 of 2nd period - Shot by Viktor Arvidsson.
0:20 of 2nd period - Stopped by Robin Lehner with a rebound.
0:44 of 2nd period - Off-side.
0:45 of 2nd period - Joe Thornton wins face-off versus Adam Henrique in neutral zone.
1:08 of 2nd period - Adam Henrique is hit by Esa Lindell and loses puck.
1:21 of 2nd period - Shot by Adam Henrique.
1:21 of 2nd period - Shot Blocked by Esa Lindell.
2:18 of 2nd period - Shot by Colin White.
2:18 of 2nd period - Shot Misses the Net.
2:20 of 2nd period - Shot by Adam Lowry.
2:20 of 2nd period - Stopped by Devan Dubnyk without a rebound.
2:21 of 2nd period - Ryan Johansen wins face-off versus Mark Scheifele in CALGARY FIREMEN zone.
2:58 of 2nd period - Shot by Viktor Arvidsson.
2:58 of 2nd period - Stopped by Robin Lehner without a rebound.
2:59 of 2nd period - Brett Howden wins face-off versus Cody Eakin in LOS ANGELES SEALS zone.
3:30 of 2nd period - Minor Penalty to Dan Hamhuis for Holding.
3:31 of 2nd period - Adam Henrique wins face-off versus Cody Eakin in LOS ANGELES SEALS zone.
3:43 of 2nd period - Shot by Tomas Tatar.
3:43 of 2nd period - Shot Misses the Net.
4:44 of 2nd period - Icing by Ryan Johansen.
4:45 of 2nd period - Cody Eakin wins face-off versus Ryan Johansen in CALGARY FIREMEN zone.
5:51 of 2nd period - Shot by Jake DeBrusk.
5:51 of 2nd period - Shot Misses the Net.
5:55 of 2nd period - Shot by Mark Scheifele.
5:55 of 2nd period - Goal by Mark Scheifele - LOS ANGELES SEALS : 1 - CALGARY FIREMEN : 3.
5:56 of 2nd period - Brett Howden wins face-off versus Joe Thornton in neutral zone.
6:00 of 2nd period - Marcus Sorensen is hit by Alex Goligoski and loses puck.
6:14 of 2nd period - Brett Howden is hit by Alex Goligoski and loses puck.
7:21 of 2nd period - Icing by Brock Boeser.
7:22 of 2nd period - Mark Scheifele wins face-off versus Oskar Lindblom in LOS ANGELES SEALS zone.
7:31 of 2nd period - Shot by Oskar Lindblom.
7:31 of 2nd period - Stopped by Robin Lehner without a rebound.
7:32 of 2nd period - Adam Lowry wins face-off versus Adam Henrique in LOS ANGELES SEALS zone.
7:32 of 2nd period - Adam Lowry is hit by Tomas Tatar.
7:50 of 2nd period - Shot by Adam Lowry.
7:50 of 2nd period - Stopped by Devan Dubnyk without a rebound.
7:51 of 2nd period - Ryan Johansen wins face-off versus Mark Scheifele in CALGARY FIREMEN zone.
7:58 of 2nd period - Shot by Viktor Arvidsson.
7:58 of 2nd period - Shot Misses the Net.
8:00 of 2nd period - Shot by Filip Forsberg.
8:00 of 2nd period - Shot Misses the Net.
8:02 of 2nd period - Shot by Ryan Johansen.
8:02 of 2nd period - Shot Misses the Net.
9:04 of 2nd period - Shot by Adam Henrique.
9:04 of 2nd period - Shot Misses the Net.
10:08 of 2nd period - Shot by Tyler Johnson.
10:08 of 2nd period - Stopped by Robin Lehner with a rebound.
10:14 of 2nd period - Shot by Luke Glendening.
10:14 of 2nd period - Deflect By Tyler Johnson.
10:14 of 2nd period - Shot Misses the Net.
10:48 of 2nd period - Shot by Viktor Arvidsson.
10:48 of 2nd period - Shot Misses the Net.
11:48 of 2nd period - Shot by Marcus Sorensen.
11:48 of 2nd period - Shot Misses the Net.
12:24 of 2nd period - Shot by Adam Henrique.
12:24 of 2nd period - Shot Misses the Net.
12:26 of 2nd period - Shot by Tomas Tatar.
12:26 of 2nd period - Stopped by Robin Lehner without a rebound.
12:27 of 2nd period - Mark Scheifele wins face-off versus Ryan Johansen in LOS ANGELES SEALS zone.
12:39 of 2nd period - Shot by Jake DeBrusk.
12:39 of 2nd period - Shot Misses the Net.
12:46 of 2nd period - Minor Penalty to Brent Seabrook for Goalie Interference.
12:46 of 2nd period - Minor Penalty to Mark Scheifele for Holding.
12:47 of 2nd period - Adam Lowry wins face-off versus Ryan Johansen in CALGARY FIREMEN zone.
12:50 of 2nd period - Shot by Adam Lowry.
12:50 of 2nd period - Stopped by Devan Dubnyk without a rebound.
12:51 of 2nd period - Adam Lowry wins face-off versus Ryan Johansen in CALGARY FIREMEN zone.
12:54 of 2nd period - Shot by Adam Lowry.
12:54 of 2nd period - Shot Misses the Net.
12:56 of 2nd period - Shot by Brock Boeser.
12:56 of 2nd period - Shot Misses the Net.
13:24 of 2nd period - Shot by Ryan Johansen.
13:24 of 2nd period - Shot Misses the Net.
13:32 of 2nd period - Shot by Brock Boeser.
13:32 of 2nd period - Shot Misses the Net.
13:59 of 2nd period - Shot by Brock Boeser.
13:59 of 2nd period - Shot Misses the Net.
14:01 of 2nd period - Shot by Shayne Gostisbehere.
14:01 of 2nd period - Stopped by Devan Dubnyk without a rebound.
14:02 of 2nd period - Adam Lowry wins face-off versus Adam Henrique in CALGARY FIREMEN zone.
14:35 of 2nd period - Shot by Viktor Arvidsson.
14:35 of 2nd period - Shot Blocked by Roman Polak.
14:37 of 2nd period - Shot by Ryan Graves.
14:37 of 2nd period - Goal by Ryan Graves - LOS ANGELES SEALS : 1 - CALGARY FIREMEN : 4.
14:37 of 2nd period - Roberto Luongo enters game.
14:38 of 2nd period - Ryan Johansen wins face-off versus Colin White in neutral zone.
14:45 of 2nd period - Shot by Ryan Johansen.
14:45 of 2nd period - Stopped by Roberto Luongo with a rebound.
14:55 of 2nd period - Shot by Craig Smith.
14:55 of 2nd period - Shot Misses the Net.
15:11 of 2nd period - Shot by Craig Smith.
15:11 of 2nd period - Shot Blocked by Ryan Graves.
15:15 of 2nd period - Shot by Cody Eakin.
15:15 of 2nd period - Shot Blocked by Ryan Graves.
15:17 of 2nd period - Shot by Craig Smith.
15:17 of 2nd period - Goal by Craig Smith - LOS ANGELES SEALS : 2 - CALGARY FIREMEN : 4.
15:18 of 2nd period - Mark Scheifele wins face-off versus Brett Howden in neutral zone.
15:48 of 2nd period - Shot by Jake DeBrusk.
15:48 of 2nd period - Stopped by Devan Dubnyk with a rebound.
15:50 of 2nd period - Shot by Brandon Carlo.
15:50 of 2nd period - Shot Misses the Net.
16:26 of 2nd period - Shot by Filip Forsberg.
16:26 of 2nd period - Shot Blocked by Mathieu Perreault.
17:10 of 2nd period - Shot by Craig Smith.
17:10 of 2nd period - Stopped by Devan Dubnyk without a rebound.
17:11 of 2nd period - Adam Henrique wins face-off versus Mark Scheifele in CALGARY FIREMEN zone.
17:31 of 2nd period - Shot by Mark Scheifele.
17:31 of 2nd period - Goal by Mark Scheifele - LOS ANGELES SEALS : 3 - CALGARY FIREMEN : 4.
17:32 of 2nd period - Luke Glendening wins face-off versus Cody Eakin in neutral zone.
17:50 of 2nd period - Shot by Tyler Johnson.
17:50 of 2nd period - Stopped by Roberto Luongo without a rebound.
17:51 of 2nd period - Adam Henrique wins face-off versus Mark Scheifele in LOS ANGELES SEALS zone.
18:35 of 2nd period - Dan Hamhuis is hit by Oskar Lindblom and loses puck.
19:00 of 2nd period - Shot by Ryan Johansen.
19:00 of 2nd period - Stopped by Roberto Luongo with a rebound.
19:12 of 2nd period - Shot by Ryan Johansen.
19:12 of 2nd period - Shot Misses the Net.
19:16 of 2nd period - Shot by Filip Forsberg.
19:16 of 2nd period - Stopped by Roberto Luongo without a rebound.
19:17 of 2nd period - Austin Watson wins face-off versus Adam Lowry in LOS ANGELES SEALS zone.
19:36 of 2nd period - Shot by Mathieu Perreault.
19:36 of 2nd period - Stopped by Devan Dubnyk without a rebound.
19:37 of 2nd period - Joe Thornton wins face-off versus Ryan Johansen in CALGARY FIREMEN zone.
19:38 of 2nd period - Shot by Justin Williams.
19:38 of 2nd period - Stopped by Devan Dubnyk with a rebound.
Goals for this period are 3 for LOS ANGELES SEALS vs 1 for CALGARY FIREMEN.
Shots for this period are 11 for LOS ANGELES SEALS vs 11 for CALGARY FIREMEN.

3rd period


0:01 of 3rd period - Adam Henrique wins face-off versus Mark Scheifele in neutral zone.
0:11 of 3rd period - Shot by Brock Boeser.
0:11 of 3rd period - Shot Blocked by Noah Hanifin.
0:41 of 3rd period - Minor Penalty to Mark Scheifele for Tripping.
0:42 of 3rd period - Cody Eakin wins face-off versus Ryan Johansen in LOS ANGELES SEALS zone.
1:25 of 3rd period - Shot by Ryan Johansen.
1:25 of 3rd period - Shot Blocked by Dan Hamhuis.
1:48 of 3rd period - Shot by Noah Hanifin.
1:48 of 3rd period - Shot Misses the Net.
2:08 of 3rd period - Shot by Tomas Tatar.
2:08 of 3rd period - Stopped by Roberto Luongo without a rebound.
2:09 of 3rd period - Adam Lowry wins face-off versus Ryan Johansen in LOS ANGELES SEALS zone.
3:04 of 3rd period - Shot by Brett Howden.
3:04 of 3rd period - Shot Blocked by Alex Goligoski.
3:06 of 3rd period - Shot by Ian Cole.
3:06 of 3rd period - Stopped by Roberto Luongo without a rebound.
3:07 of 3rd period - Joe Thornton wins face-off versus Luke Glendening in LOS ANGELES SEALS zone.
3:07 of 3rd period - Joe Thornton is hit by Austin Watson.
3:37 of 3rd period - Tyler Johnson is hit by Andreas Johnsson.
3:38 of 3rd period - Icing by Tyler Johnson.
3:39 of 3rd period - Luke Glendening wins face-off versus Mark Scheifele in CALGARY FIREMEN zone.
3:45 of 3rd period - Icing by Shayne Gostisbehere.
3:46 of 3rd period - Mark Scheifele wins face-off versus Ryan Johansen in LOS ANGELES SEALS zone.
4:07 of 3rd period - Shot by Ryan Johansen.
4:07 of 3rd period - Stopped by Roberto Luongo without a rebound.
4:08 of 3rd period - Adam Henrique wins face-off versus Cody Eakin in LOS ANGELES SEALS zone.
4:31 of 3rd period - Shot by Adam Henrique.
4:31 of 3rd period - Stopped by Roberto Luongo with a rebound.
4:57 of 3rd period - Icing by Brent Seabrook.
4:58 of 3rd period - Mark Scheifele wins face-off versus Adam Henrique in CALGARY FIREMEN zone.
5:01 of 3rd period - Shot by Brock Boeser.
5:01 of 3rd period - Stopped by Devan Dubnyk with a rebound.
5:03 of 3rd period - Shot by Esa Lindell.
5:03 of 3rd period - Shot Misses the Net.
5:09 of 3rd period - Shot by Mark Scheifele.
5:09 of 3rd period - Stopped by Devan Dubnyk without a rebound.
5:10 of 3rd period - Ryan Johansen wins face-off versus Adam Lowry in CALGARY FIREMEN zone.
5:25 of 3rd period - Shot by Adam Lowry.
5:25 of 3rd period - Stopped by Devan Dubnyk with a rebound.
5:27 of 3rd period - Shot by Adam Lowry.
5:27 of 3rd period - Shot Misses the Net.
5:35 of 3rd period - Shot by Mathieu Perreault.
5:35 of 3rd period - Stopped by Devan Dubnyk with a rebound.
5:37 of 3rd period - Shot by Adam Lowry.
5:37 of 3rd period - Stopped by Devan Dubnyk without a rebound.
5:38 of 3rd period - Luke Glendening wins face-off versus Mark Scheifele in CALGARY FIREMEN zone.
6:07 of 3rd period - Icing by Esa Lindell.
6:08 of 3rd period - Mark Scheifele wins face-off versus Ryan Johansen in LOS ANGELES SEALS zone.
6:37 of 3rd period - Shot by Brock Boeser.
6:37 of 3rd period - Shot Misses the Net.
6:51 of 3rd period - Shot by Viktor Arvidsson.
6:51 of 3rd period - Shot Misses the Net.
6:53 of 3rd period - Shot by Andy Greene.
6:53 of 3rd period - Shot Blocked by Alex Goligoski.
6:55 of 3rd period - Shot by Viktor Arvidsson.
6:55 of 3rd period - Stopped by Roberto Luongo without a rebound.
6:56 of 3rd period - Cody Eakin wins face-off versus Oskar Lindblom in LOS ANGELES SEALS zone.
7:24 of 3rd period - Shot by Patrick Marleau.
7:24 of 3rd period - Stopped by Devan Dubnyk without a rebound.
7:25 of 3rd period - Luke Glendening wins face-off versus Adam Lowry in CALGARY FIREMEN zone.
7:43 of 3rd period - Shot by Luke Glendening.
7:43 of 3rd period - Stopped by Roberto Luongo with a rebound.
7:45 of 3rd period - Shot by Niklas Kronwall.
7:45 of 3rd period - Stopped by Roberto Luongo without a rebound.
7:46 of 3rd period - Ryan Johansen wins face-off versus Joe Thornton in LOS ANGELES SEALS zone.
8:02 of 3rd period - Icing by Roman Polak.
8:03 of 3rd period - Oskar Lindblom wins face-off versus Joe Thornton in LOS ANGELES SEALS zone.
8:04 of 3rd period - Shot by Adam Henrique.
8:04 of 3rd period - Shot Misses the Net.
8:07 of 3rd period - Icing by Andreas Johnsson.
8:08 of 3rd period - Joe Thornton wins face-off versus Filip Forsberg in LOS ANGELES SEALS zone.
8:14 of 3rd period - Icing by Ryan Johansen.
8:15 of 3rd period - Ryan Johansen wins face-off versus Mark Scheifele in CALGARY FIREMEN zone.
8:28 of 3rd period - Icing by Viktor Arvidsson.
8:29 of 3rd period - Ryan Johansen wins face-off versus Cody Eakin in CALGARY FIREMEN zone.
8:29 of 3rd period - Filip Forsberg is hit by Craig Smith and loses puck.
8:45 of 3rd period - Shot by Viktor Arvidsson.
8:45 of 3rd period - Stopped by Roberto Luongo with a rebound.
8:47 of 3rd period - Shot by Ian Cole.
8:47 of 3rd period - Stopped by Roberto Luongo without a rebound.
8:48 of 3rd period - Mark Scheifele wins face-off versus Adam Henrique in LOS ANGELES SEALS zone.
9:07 of 3rd period - Shot by Oskar Lindblom.
9:07 of 3rd period - Shot Misses the Net.
9:09 of 3rd period - Shot by Noah Hanifin.
9:09 of 3rd period - Stopped by Roberto Luongo without a rebound.
9:10 of 3rd period - Joe Thornton wins face-off versus Luke Glendening in LOS ANGELES SEALS zone.
9:39 of 3rd period - Shot by Tyler Johnson.
9:39 of 3rd period - Stopped by Roberto Luongo without a rebound.
9:40 of 3rd period - Ryan Johansen wins face-off versus Brock Boeser in LOS ANGELES SEALS zone.
10:09 of 3rd period - Shot by Mark Scheifele.
10:09 of 3rd period - Stopped by Devan Dubnyk without a rebound.
10:10 of 3rd period - Adam Henrique wins face-off versus Adam Lowry in CALGARY FIREMEN zone.
10:29 of 3rd period - Icing by Roman Polak.
10:30 of 3rd period - Ryan Johansen wins face-off versus Adam Lowry in LOS ANGELES SEALS zone.
11:10 of 3rd period - Ryan Johansen is hit by Mark Scheifele and loses puck.
11:17 of 3rd period - Niklas Kronwall is hit by Brock Boeser and loses puck.
11:34 of 3rd period - Shot by Mark Scheifele.
11:34 of 3rd period - Stopped by Devan Dubnyk without a rebound.
11:35 of 3rd period - Adam Henrique wins face-off versus Cody Eakin in CALGARY FIREMEN zone.
11:35 of 3rd period - Minor Penalty to Cody Eakin for Slashing.
11:36 of 3rd period - Mathieu Perreault wins face-off versus Adam Henrique in LOS ANGELES SEALS zone.
12:13 of 3rd period - Shot by Oskar Lindblom.
12:13 of 3rd period - Stopped by Roberto Luongo with a rebound.
12:15 of 3rd period - Shot by Noah Hanifin.
12:15 of 3rd period - Shot Misses the Net.
12:35 of 3rd period - Shot by Filip Forsberg.
12:35 of 3rd period - Shot Misses the Net.
12:37 of 3rd period - Shot by Ryan Johansen.
12:37 of 3rd period - Shot Blocked by Adam Lowry.
12:39 of 3rd period - Shot by Viktor Arvidsson.
12:39 of 3rd period - Stopped by Roberto Luongo without a rebound.
12:40 of 3rd period - Ryan Johansen wins face-off versus Colin White in LOS ANGELES SEALS zone.
12:49 of 3rd period - Shot by Filip Forsberg.
12:49 of 3rd period - Deflect By Viktor Arvidsson.
12:49 of 3rd period - Shot Blocked by Esa Lindell.
12:51 of 3rd period - Shot by Filip Forsberg.
12:51 of 3rd period - Stopped by Roberto Luongo with a rebound.
12:53 of 3rd period - Shot by Filip Forsberg.
12:53 of 3rd period - Shot Misses the Net.
12:55 of 3rd period - Shot by Brent Seabrook.
12:55 of 3rd period - Shot Misses the Net.
12:57 of 3rd period - Shot by Niklas Kronwall.
12:57 of 3rd period - Goal by Niklas Kronwall - LOS ANGELES SEALS : 3 - CALGARY FIREMEN : 5.
12:58 of 3rd period - Luke Glendening wins face-off versus Mark Scheifele in neutral zone.
13:13 of 3rd period - Icing by Andy Greene.
13:14 of 3rd period - Luke Glendening wins face-off versus Cody Eakin in CALGARY FIREMEN zone.
13:14 of 3rd period - Luke Glendening is hit by Patrick Marleau.
13:22 of 3rd period - Shot by Austin Watson.
13:22 of 3rd period - Stopped by Roberto Luongo with a rebound.
13:24 of 3rd period - Shot by Ian Cole.
13:24 of 3rd period - Shot Blocked by Cody Eakin.
13:32 of 3rd period - Shot by Austin Watson.
13:32 of 3rd period - Stopped by Roberto Luongo without a rebound.
13:33 of 3rd period - Adam Henrique wins face-off versus Joe Thornton in LOS ANGELES SEALS zone.
13:42 of 3rd period - Shot by Adam Henrique.
13:42 of 3rd period - Stopped by Roberto Luongo without a rebound.
13:43 of 3rd period - Mark Scheifele wins face-off versus Ryan Johansen in LOS ANGELES SEALS zone.
14:01 of 3rd period - Icing by Ryan Johansen.
14:02 of 3rd period - Joe Thornton wins face-off versus Ryan Johansen in CALGARY FIREMEN zone.
14:24 of 3rd period - Icing by Brent Seabrook.
14:25 of 3rd period - Mark Scheifele wins face-off versus Ryan Johansen in CALGARY FIREMEN zone.
15:12 of 3rd period - Minor Penalty to Oskar Lindblom for Holding.
15:13 of 3rd period - Joe Thornton wins face-off versus Brett Howden in CALGARY FIREMEN zone.
15:35 of 3rd period - Shot by Justin Williams.
15:35 of 3rd period - Stopped by Devan Dubnyk without a rebound.
15:36 of 3rd period - Luke Glendening wins face-off versus Mark Scheifele in CALGARY FIREMEN zone.
15:57 of 3rd period - Shot by Mark Scheifele.
15:57 of 3rd period - Deflect By Brock Boeser.
15:57 of 3rd period - Stopped by Devan Dubnyk without a rebound.
15:58 of 3rd period - Joe Thornton wins face-off versus Brett Howden in CALGARY FIREMEN zone.
16:07 of 3rd period - Shot by Andreas Johnsson.
16:07 of 3rd period - Shot Misses the Net.
16:09 of 3rd period - Shot by Joe Thornton.
16:09 of 3rd period - Stopped by Devan Dubnyk without a rebound.
16:10 of 3rd period - Joe Thornton wins face-off versus Luke Glendening in CALGARY FIREMEN zone.
16:11 of 3rd period - Shot by Justin Williams.
16:11 of 3rd period - Stopped by Devan Dubnyk without a rebound.
16:12 of 3rd period - Brett Howden wins face-off versus Andreas Johnsson in CALGARY FIREMEN zone.
16:45 of 3rd period - Shot by Esa Lindell.
16:45 of 3rd period - Shot Misses the Net.
16:47 of 3rd period - Shot by Alex Goligoski.
16:47 of 3rd period - Shot Misses the Net.
17:31 of 3rd period - Shot by Tomas Tatar.
17:31 of 3rd period - Shot Blocked by Brandon Carlo.
17:39 of 3rd period - Shot by Tomas Tatar.
17:39 of 3rd period - Shot Misses the Net.
17:41 of 3rd period - Shot by Tomas Tatar.
17:41 of 3rd period - Stopped by Roberto Luongo without a rebound.
17:42 of 3rd period - Ryan Johansen wins face-off versus Mark Scheifele in LOS ANGELES SEALS zone.
17:58 of 3rd period - Shot by Filip Forsberg.
17:58 of 3rd period - Stopped by Roberto Luongo without a rebound.
17:59 of 3rd period - Adam Lowry wins face-off versus Adam Henrique in LOS ANGELES SEALS zone.
17:59 of 3rd period - Adam Lowry is hit by Tomas Tatar.
18:25 of 3rd period - Shot by Mathieu Perreault.
18:25 of 3rd period - Stopped by Devan Dubnyk without a rebound.
18:26 of 3rd period - Luke Glendening wins face-off versus Joe Thornton in CALGARY FIREMEN zone.
19:00 of 3rd period - Icing by Shayne Gostisbehere.
19:01 of 3rd period - Adam Henrique wins face-off versus Joe Thornton in LOS ANGELES SEALS zone.
Goals for this period are 0 for LOS ANGELES SEALS vs 1 for CALGARY FIREMEN.
Shots for this period are 13 for LOS ANGELES SEALS vs 20 for CALGARY FIREMEN.


RYAN
NUGENT-HOPKINS
THATCHER
DEMKO
MITCHELL
MARNER

EAST COAST

HOCKEY LEAGUE

  • 13.MAN3PIT5
  • 14.NHW2ATL3
  • 15.PET5WOR4
  • 16.RHI30
  • 17.QUECHI
  • 18.CHALIM
  • 19.TRVLON
  • 20.CHWBAL